Map: Vaani Research Station (Void)

Players

Welmu

  • Race: Protoss Protoss
  • League: Master
  • Spawn Location: 12:00

liquidthermy (uThermal) - Winner!

  • Race: Terran Terran
  • League: Master
  • Spawn Location: 6:00

VOD

Have the link to the VOD?

Description

Time

  • Played on: Nov. 30, 2016, 2:02 p.m.
  • Length: 13:34
Show
View Real Time Build Order
Export as new Build Order

Welmu Protoss 

Build Orders: Oracle Opening 

Get SALT Encoding   

  12  0:00  Probe (Chrono Boost)  
  13  0:11  Probe (Chrono Boost)  
  14  0:19  Pylon  
  14  0:22  Probe (Chrono Boost)  
  15  0:37  Probe (Chrono Boost)  
  15  0:38  Gateway  
  16  0:48  Probe (Chrono Boost)  
  16  0:49  Assimilator  
  17  0:54  Assimilator  
  17  0:58  Probe (Chrono Boost)  
  18  1:09  Probe (Chrono Boost)  
  19  1:20  Probe (Chrono Boost)  
  19  1:25  Cybernetics Core  
  20  1:26  Pylon  
  20  1:30  Probe (Chrono Boost)  
  21  1:41  Probe (Chrono Boost)  
  22  1:51  Probe (Chrono Boost)  
  23  2:01  Stargate  
  23  2:02  Mothership Core (Chrono Boost)  
  23  2:04  Adept  
  27  2:13  Pylon  
  27  2:19  Warp Gate  
  27  2:22  Probe (Chrono Boost)  
  28  2:29  Adept  
  28  2:36  Pylon  
  30  2:42  Oracle  
  33  3:09  Nexus  
  33  3:13  Oracle  
  36  3:24  Probe (Chrono Boost)  
  35  3:37  Probe (Chrono Boost)  
  34  3:44  Oracle  
  35  3:49  Probe (Chrono Boost), Pylon  
  38  4:01  Probe (Chrono Boost)  
  39  4:12  Assimilator  
  39  4:13  Probe (Chrono Boost)  
  40  4:20  Oracle  
  40  4:22  Probe (Chrono Boost)  
  40  4:24  Probe (Chrono Boost)  
  45  4:32  Probe (Chrono Boost)  
  45  4:34  Probe (Chrono Boost)  
  47  4:43  Probe (Chrono Boost)  
  47  4:45  Probe (Chrono Boost)  
  49  4:51  Twilight Council  
  49  4:52  Forge  
  49  4:53  Probe (Chrono Boost)  
  49  4:55  Probe (Chrono Boost)  
  49  4:58  Gateway x2  
  51  5:04  Probe (Chrono Boost)  
  51  5:06  Probe (Chrono Boost)  
  53  5:10  Robotics Facility  
  53  5:11  Gateway  
  53  5:14  Probe (Chrono Boost)  
  53  5:16  Probe (Chrono Boost)  
  52  5:25  Probe (Chrono Boost)  
  52  5:27  Probe (Chrono Boost)  
  52  5:28  Phoenix  
  56  5:31  Protoss Ground Weapons Level 1  
  56  5:33  Resonating Glaives  
  57  5:35  Probe (Chrono Boost)  
  57  5:37  Probe (Chrono Boost)  
  57  5:41  Assimilator  
  58  5:43  Adept  
  58  5:45  Pylon  
  58  5:48  Probe (Chrono Boost)  
  62  5:50  Pylon  
  62  5:52  Pylon  
  62  5:53  Probe (Chrono Boost)  
  62  5:57  Pylon  
  62  6:02  Phoenix  
  62  6:03  Observer  
  65  6:05  Probe (Chrono Boost)  
  66  6:24  Phoenix  
  66  6:29  Pylon, Nexus  
  68  6:37  Adept x3  
  68  6:39  Warp Prism  
  74  6:46  Phoenix  
  78  6:54  Gateway  
  78  6:58  Probe (Chrono Boost)  
  78  7:00  Probe (Chrono Boost), Gateway  
  80  7:04  Gateway  
  80  7:08  Gateway  
  80  7:12  Probe (Chrono Boost)  
  80  7:14  Probe (Chrono Boost)  
  80  7:15  Phoenix  
  82  7:23  Probe (Chrono Boost)  
  82  7:26  Probe (Chrono Boost)  
  84  7:31  Protoss Ground Armor Level 1  
  84  7:34  Probe (Chrono Boost)  
  86  7:38  Probe (Chrono Boost)  
  87  7:44  Probe (Chrono Boost)  
  87  7:50  Probe x2 (Chrono Boost)  
  89  7:55  Probe (Chrono Boost)  
  89  7:59  Adept x4  
  89  8:03  Probe (Chrono Boost)  
  89  8:04  Probe (Chrono Boost)  
  100  8:06  Probe (Chrono Boost), Sentry x2  
  104  8:14  Probe (Chrono Boost)  
  104  8:15  Probe (Chrono Boost)  
  106  8:22  Probe (Chrono Boost)  
  106  8:25  Probe (Chrono Boost)  
  108  8:29  Robotics Bay  
  108  8:32  Robotics Facility  
  108  8:33  Pylon  
  108  8:37  Pylon  
  108  8:39  Pylon  
  108  8:42  Pylon, Adept x2  
  108  8:43  Adept x2  
  108  8:47  Adept x2  
  112  8:50  Probe (Chrono Boost)  
  112  8:53  Pylon  
  113  8:57  Assimilator  
  113  9:01  Assimilator  
  112  9:17  Adept x4  
  112  9:20  Colossus  
  126  9:24  Colossus  
  126  9:26  Protoss Ground Weapons Level 2  
  126  9:29  Extended Thermal Lance  
  122  9:58  Blink, Sentry  
  122  9:59  Stalker x6  
  136  10:04  Pylon  
  136  10:10  Probe (Chrono Boost)  
  136  10:11  Colossus  
  137  10:14  Colossus  
  141  10:45  Probe (Chrono Boost)  
  141  10:47  Probe x2 (Chrono Boost)  
  138  10:56  Probe (Chrono Boost)  
  138  10:59  Probe x2 (Chrono Boost)  
  138  11:04  Pylon  
  140  11:06  Colossus  
  140  11:07  Pylon, Colossus  
  140  11:09  Pylon  
  122  11:27  Nexus  
  122  11:31  Pylon  
  122  11:35  Sentry x2  
  122  11:36  Sentry x3  
  127  12:06  Stalker x3  
  127  12:07  Stalker x2  
  137  12:08  Colossus  
  143  12:23  Assimilator  
  143  12:26  Assimilator  
  143  12:29  Pylon  
  143  12:30  Pylon  
Show
View Real Time Build Order
Export as new Build Order

liquidthermy Terran - Winner!

Build Orders: Cyclone Opening, MMM Bio 

Get SALT Encoding   

  12  0:02  SCV  
  14  0:14  SCV  
  14  0:17  Supply Depot  
  14  0:26  SCV  
  15  0:39  SCV  
  15  0:42  Barracks  
  16  0:45  Refinery  
  16  0:51  SCV  
  17  1:03  SCV  
  18  1:15  SCV  
  19  1:28  Marine  
  19  1:29  Orbital Command  
  20  1:41  Command Center  
  20  1:54  SCV  
  20  1:57  Factory  
  21  2:04  Barracks Reactor  
  21  2:06  SCV  
  22  2:10  Supply Depot  
  22  2:19  SCV  
  22  2:21  Bunker  
  23  2:31  Engineering Bay  
  23  2:32  SCV  
  23  2:42  Cyclone  
  27  2:44  SCV  
  27  2:45  Marine  
  27  2:49  Marine  
  29  2:57  Missile Turret  
  29  3:02  Orbital Command  
  29  3:05  Marine  
  29  3:10  Marine  
  31  3:22  Missile Turret  
  31  3:24  Marine  
  32  3:28  Marine  
  32  3:33  SCV  
  34  3:36  SCV  
  34  3:45  SCV  
  35  3:50  Marine x2  
  35  3:54  SCV  
  38  4:03  Starport  
  38  4:06  Factory Tech Lab  
  38  4:08  SCV  
  39  4:10  SCV  
  39  4:13  Refinery  
  40  4:20  SCV  
  40  4:21  Supply Depot  
  40  4:22  SCV  
  42  4:25  Siege Tank  
  42  4:27  Marine  
  42  4:29  Marine  
  44  4:32  SCV  
  44  4:34  SCV  
  44  4:44  SCV  
  44  4:45  Marine  
  44  4:46  SCV  
  44  4:47  Marine  
  47  4:53  Viking  
  47  4:56  SCV  
  47  4:58  SCV  
  51  5:02  Missile Turret  
  51  5:04  Command Center  
  51  5:08  SCV  
  51  5:10  Supply Depot  
  54  5:14  SCV  
  54  5:15  Liberator  
  54  5:20  SCV  
  54  5:21  Barracks  
  48  5:22  Barracks  
  48  5:26  Stimpack, SCV, Marine  
  49  5:33  SCV  
  53  5:38  SCV  
  53  5:40  Factory Tech Lab  
  54  5:44  Marine  
  54  5:45  SCV  
  54  5:46  Refinery  
  54  5:47  Refinery  
  54  5:49  Supply Depot  
  56  5:51  SCV  
  56  5:53  Terran Infantry Weapons Level 1  
  58  5:57  SCV  
  58  6:03  SCV  
  59  6:09  Factory Reactor, SCV  
  60  6:15  Barracks, SCV  
  60  6:17  Barracks  
  60  6:18  Orbital Command  
  61  6:21  SCV  
  61  6:22  Starport Reactor  
  61  6:23  Combat Shields  
  62  6:27  Marine x2  
  62  6:28  Marine  
  65  6:34  Marauder  
  65  6:38  SCV  
  69  6:40  Orbital Command  
  69  6:45  Marine  
  69  6:46  Widow Mine x2  
  73  6:49  Marauder, Marine  
  73  6:53  SCV  
  76  6:54  SCV  
  76  6:56  Missile Turret  
  76  6:58  Medivac, Missile Turret  
  76  7:00  Medivac  
  81  7:05  Supply Depot  
  81  7:06  Barracks Tech Lab  
  81  7:07  Barracks Reactor  
  81  7:11  Supply Depot  
  81  7:13  SCV x2  
  81  7:15  SCV  
  84  7:16  Marine  
  85  7:25  Supply Depot  
  85  7:26  Widow Mine x2, Marine x2  
  85  7:27  Marine, SCV  
  93  7:33  Marine  
  93  7:35  SCV  
  95  7:38  Medivac x2, Marine  
  100  7:46  Supply Depot, Concussive Shells  
  100  7:47  Marauder  
  100  7:49  Marine, Marauder, SCV  
  100  7:50  Marine x2  
  108  7:55  Marine  
  106  8:00  Refinery, SCV  
  106  8:01  Refinery  
  106  8:03  Terran Infantry Armor Level 1  
  106  8:04  SCV x2  
  109  8:07  Supply Depot  
  109  8:08  Medivac  
  109  8:09  Marauder  
  109  8:12  SCV  
  114  8:13  Supply Depot  
  114  8:17  Starport, SCV  
  115  8:22  SCV  
  115  8:24  SCV  
  115  8:25  Fusion Core  
  115  8:26  Medivac  
  117  8:28  Widow Mine  
  117  8:31  SCV  
  120  8:34  SCV  
  120  8:35  Liberator, Supply Depot  
  120  8:37  Marine x2  
  120  8:40  SCV  
  124  8:44  SCV  
  124  8:47  Marine, SCV  
  124  8:48  Marauder  
  124  8:53  Marauder  
  124  8:54  Widow Mine  
  130  8:56  Liberator  
  130  8:58  Starport Tech Lab  
  130  8:59  Supply Depot  
  130  9:01  Marine  
  130  9:02  Marine  
  132  9:08  Missile Turret  
  132  9:09  Missile Turret  
  132  9:13  Missile Turret  
  132  9:16  Liberator, Widow Mine  
  137  9:22  Marine x2  
  137  9:23  Marauder x2  
  139  9:24  Advanced Ballistics  
  139  9:29  Liberator  
  139  9:31  Armory  
  139  9:32  Engineering Bay  
  139  9:36  Widow Mine  
  142  9:41  Marine  
  142  9:42  Marauder  
  142  9:43  Liberator  
  142  9:44  Widow Mine  
  144  9:48  Marine  
  144  9:49  Supply Depot x2  
  144  9:57  Marine  
  144  9:59  Liberator  
  145  10:00  Command Center  
  145  10:06  Marine, Marauder, Missile Turret  
  151  10:10  Widow Mine  
  151  10:12  Liberator, Marine  
  153  10:14  Marine  
  153  10:18  Widow Mine  
  159  10:21  Marine  
  159  10:22  Marauder  
  159  10:25  Liberator, Marine  
  159  10:26  Marauder  
  164  10:39  Widow Mine  
  166  10:45  Marauder x2, Marine x2  
  166  10:47  Widow Mine, Terran Infantry Armor Level 2, Terran Infantry Weapons Level 2  
  166  10:48  Liberator, Marine  
  166  10:54  Marauder, Marine  
  166  10:55  Supply Depot x2  
  166  10:56  Supply Depot  
  165  11:05  Marine  
  165  11:07  Marauder, Marine  
  165  11:08  Widow Mine  
  173  11:12  Marauder, Marine  
  173  11:15  Widow Mine  
  176  11:24  Marine  
  176  11:25  Marauder  
  172  11:36  Widow Mine  
  174  11:42  Marauder x2, Marine x2  
  174  11:44  Widow Mine  
  180  11:49  Liberator  
  180  11:51  Marine  
  180  11:52  Marauder, Marine  
  184  12:04  Marauder, Marine  
  184  12:05  Marauder  
  184  12:06  Marine  
  190  12:09  Liberator  
  190  12:17  Marine  
  190  12:18  Marauder  
  190  12:22  Liberator  
  193  12:27  Planetary Fortress  
  195  12:34  Liberator, Marine  
  195  12:35  Marauder  
  195  12:36  Widow Mine  
  192  12:39  Marine  
  192  12:40  Marauder  
  190  12:49  Widow Mine  
  178  13:04  Widow Mine, Marauder, Marine  
  148  13:08  Marauder, Marine  
  148  13:09  Marine x2  
Tags
 
Add a new tag
Caveats
  • Supply blocks, unpowered buildings, or Contaminate may cause inaccurate times.
  • Supply counts are checked every 10 seconds.